[Event "Croatian 1B League 2022"]
[Site "Porec"]
[Date "2022.09.28"]
[Round "5.12"]
[White "Grbac, Boris"]
[Black "Vargic, Drago"]
[Result "1-0"]
[ECO "C00"]
[WhiteElo "2060"]
[BlackElo "2259"]
[Annotator "TA"]
[PlyCount "117"]
[EventDate "2022.09.24"]
[EventType "team-tourn"]
[EventCountry "CRO"]
[SourceTitle "playchess.com"]
[Source "ChessBase"]
[SourceQuality "1"]
[TimeControl "40/5400+30:1800+30"]

1. e4 e6 2. Nf3 d5 3. Nc3 d4 4. Ne2 c5 5. d3 Nc6 6. g3 {[%emt 0:02:23] C00: French: Unusual White 2nd moves.} e5 7. Bg2 Bd6 8. O-O {[%emt 0:01:11] Black has an edge.} Nge7 9. Ne1 O-O (9... h5 $5 ) 10. f4 f5 {[%emt 0:04:02] [#]} (10... exf4 {is interesting.} 11. gxf4 f6 12. c3 Bg4) 11. Bd2 $146 ({Predecessor:} 11. Nf3 Rb8 12. fxe5 Nxe5 13. Nf4 fxe4 14. Nxe5 Bxe5 15. dxe4 Nc6 16. Qe2 b5 17. Bd2 {1-0 (28) Marek,M (2200)-Muratidis,N (2184) Czech Republic 2014}) 11... Be6 (11... fxe4 $15 12. dxe4 b6) 12. fxe5 Bxe5 13. Nf4 Bf7 14. Qe2 fxe4 15. Bxe4 Qd6 (15... Bxf4 $11 16. Rxf4 Nd5) 16. Nf3 $14 Bf6 17. Qg2 Qd7 18. a3 Rad8 19. Rae1 Nd5 20. Nxd5 Bxd5 21. Ng5 Bxg5 (21... Bxe4 $1 $11 22. Nxe4 (22. Qxe4 Bxg5 23. Rxf8+ Rxf8 $11) 22... Be7) 22. Rxf8+ $18 (22. Bxg5 Bxe4 23. Rxe4 (23. Qxe4 Rfe8 $11) 23... Rxf1+ 24. Qxf1 Re8 $11) 22... Kxf8 23. Bxg5 Bxe4 24. Qf2+ ({Stronger than} 24. Qxe4 Re8 25. Qf4+ Kg8 26. Rxe8+ Qxe8 $11) 24... Kg8 {[%emt 0:03:44] [#] ...Rf8 is the strong threat.} 25. Bxd8 ({Weaker is} 25. Rxe4 Re8 $11) 25... Bg6 26. Bg5 h6 27. Bd2 Kh7 28. Qf8 Qd5 29. Qf4 Qa2 30. Bc1 c4 {[%emt 0:00:27] [#]} 31. Qc7 (31. dxc4 $1 $18 {is more deadly.} Bxc2 32. Qf1) 31... cxd3 $16 32. Qxb7 (32. cxd3 $5 Qb3 33. Qf4 $16) 32... Qc4 (32... Qd5 $1 $11 {and Black is okay.} 33. cxd3 Bxd3) 33. cxd3 $18 Bxd3 34. Bf4 ({Better is} 34. Qc7 $16) 34... Bc2 $2 (34... Bg6 $1 $11) 35. Qc8 Qd5 $2 (35... Ne5 36. Qxc4 Nxc4) 36. Re8 {[%emt 0:00:46] Threatens to win with Rh8+.} Ba4 37. Rh8+ Kg6 38. Qe8+ (38. Qg4+ $142 Kf6 39. Rf8+ Qf7 40. Bg5+ hxg5 41. Qf3+ Ke6 42. Rxf7) 38... Qf7 39. Qxf7+ Kxf7 {[%emt 0:00:02][%mdl 4096] Endgame KRB-KBN} 40. Rc8 Ke6 41. b3 Ne7 42. Rc4 Bxb3 43. Rxd4 a5 44. Re4+ Kf7 45. a4 Nc6 46. Bd2 {[%emt 0:00:31] Prevents Nb4.} h5 47. Kf2 Kf8 48. Ke3 Kf7 49. Kf4 Bd5 50. Re1 Bb3 51. Ra1 g6 52. Bc3 Ke6 53. Kg5 Bc2 54. Ra2 Bd3 55. Rd2 {[%emt 0:02:32] White is clearly winning.} Bf5 56. Rf2 Bd3 57. Rf6+ Kd5 58. h4 Bc2 59. Rxg6 {[%emt 0:00:26] Weighted Error Value: White=0.42/Black=0.36} 1-0

[Event "Croatian 1B League 2022"]
[Site "Porec"]
[Date "2022.09.29"]
[Round "6.1"]
[White "Dobrovoljc, Vid"]
[Black "Doric, Darko"]
[Result "1/2-1/2"]
[WhiteElo "2402"]
[BlackElo "2457"]
[Annotator "TA"]
[PlyCount "28"]
[EventDate "2022.09.24"]
[EventType "team-tourn"]
[EventCountry "CRO"]
[SourceTitle "playchess.com"]
[Source "ChessBase"]
[SourceQuality "1"]
[TimeControl "40/5400+30:1800+30"]

1. e4 c5 2. Nf3 e6 3. d4 cxd4 4. Nxd4 Nf6 5. Nc3 Nc6 6. a3 Be7 7. Nxc6 {[%emt 0:05:29] B45: Sicilian Four Knights.} bxc6 {[%emt 0:00:10] [#] An uneventful encounter.} {Predecessor:} 8. e5 $146 Nd5 9. Qg4 Kf8 10. Bd2 h5 11. Qe4 Rb8 12. b3 f5 13. exf6 Bxf6 14. Qf3 Kg8 {½-½ (74) Caruana,F (2820)-Rapport,R (2763) Paris 2021} 1/2-1/2

[Event "Croatian 1B League 2022"]
[Site "Porec"]
[Date "2022.09.29"]
[Round "6.2"]
[White "Maksimovic, Bojan"]
[Black "Drnovsek, Gal"]
[Result "1-0"]
[ECO "B83"]
[WhiteElo "2468"]
[BlackElo "2393"]
[Annotator "TA"]
[PlyCount "57"]
[EventDate "2022.09.24"]
[EventType "team-tourn"]
[EventCountry "CRO"]
[SourceTitle "playchess.com"]
[Source "ChessBase"]
[SourceQuality "1"]
[TimeControl "40/5400+30:1800+30"]

1. e4 c5 2. Nf3 d6 3. d4 cxd4 4. Nxd4 Nf6 5. Nc3 a6 6. Be2 e6 7. Be3 Be7 8. Qd2 Qc7 9. O-O-O Nc6 10. f4 Nxd4 11. Qxd4 O-O 12. g4 {[%emt 0:02:15] B83: Sicilian Scheveningen: 6 Be2, lines without ...a6.} d5 13. exd5 Nxd5 14. Nxd5 {[%emt 0:00:11] White is better.} exd5 15. f5 (15. Qxd5 $6 Be6 16. Qe5 Qc6 $11) 15... Bd7 {[%emt 0:04:17] [#]} 16. Bf3 $146 (16. Bf4 $6 Qa5 17. Kb1 (17. Qxd5 Qxd5 18. Rxd5 Bc6 $15) 17... Bf6 $11) (16. Qb6 $16 Rac8 17. Qxc7 Rxc7 18. Bb6 (18. Rxd5 Bc6 $15)) ({Predecessor:} 16. Qd2 Rac8 17. Kb1 Rfe8 18. Bd4 Bf8 19. Bf3 Ba4 20. b3 Bc6 21. f6 g6 22. h4 {½-½ (46) Panjwani,R (2298)-Pasalic,M (2395) Chicago 2008}) 16... Rac8 $15 17. Qd2 (17. c3 $15) 17... Ba4 $1 $17 18. b3 $2 {[%emt 0:04:03] [#]} (18. c3 $17 {only move.}) 18... d4 $2 (18... Bb4 $1 $19 19. Qg2 Rfe8) 19. Bf4 $36 {[%emt 0:01:14][%mdl 2048] White fights for an advantage.} (19. Bxd4 $2 {[#]} Bg5 $1 20. c3 Bxd2+ $19) 19... Ba3+ 20. Kb1 Qc5 21. Bxb7 {[%emt 0:11:58] Active counter play!} Bb4 (21... Rcd8 $142) 22. Qf2 $16 {[%emt 0:01:07] The board is on fire.} (22. Qxd4 Qxc2+ 23. Ka1 Bc3+) 22... Rcd8 23. Bd2 (23. bxa4 $2 Bc3 24. Rd3 Qb6+ 25. Kc1 Qxb7 $19) (23. Bxa6 $6 Bc6 24. f6 Bxh1 25. Rxh1 Qc6 $11) 23... Ba3 24. f6 Rfe8 (24... Qb6 $16) 25. Rhe1 Qb5 $2 (25... Qb6 $16) 26. Rxe8+ $18 Rxe8 $2 (26... Qxe8 {was necessary.} 27. Bxa6 (27. bxa4 Rb8 $14) 27... g6) 27. Qxd4 {[%emt 0:01:37] White is clearly winning.} Bxb3 28. axb3 {[%emt 0:00:07] Threatens to win with Bd5.} ({Less strong is} 28. cxb3 Qxb7 29. fxg7 Qc7 $16) 28... Qxb7 29. Qa4 {[%emt 0:00:08] Never resign too early!  Weighted Error Value: White=0.41/Black=0.63} 1-0

[Event "Croatian 1B League 2022"]
[Site "Porec"]
[Date "2022.09.29"]
[Round "6.3"]
[White "Petrov, Jole"]
[Black "Cabarkapa, Novak"]
[Result "1/2-1/2"]
[ECO "E62"]
[WhiteElo "2370"]
[BlackElo "2433"]
[Annotator "TA"]
[PlyCount "30"]
[EventDate "2022.09.24"]
[EventType "team-tourn"]
[EventCountry "CRO"]
[SourceTitle "playchess.com"]
[Source "ChessBase"]
[SourceQuality "1"]
[TimeControl "40/5400+30:1800+30"]

1. Nf3 Nf6 2. g3 g6 3. Bg2 Bg7 4. O-O O-O 5. c4 d6 6. d4 c6 7. Nc3 Bf5 8. b3 Ne4 9. Bb2 Nxc3 10. Bxc3 Be4 11. e3 e6 {[%emt 0:07:00] E62: King's Indian: Fianchetto: 6...c6 and Panno Variation (6...Nc6) without ...a6.} 12. Qe2 d5 13. Rfc1 Nd7 14. Bf1 Bxf3 15. Qxf3 {[%emt 0:00:24] [#]} Nb6 $146 {[%emt 0:00:11] Black got outplayed after the opening.  Weighted Error Value: White=0.11 (very precise) /Black=0.13 (very precise)} ({Predecessor:} 15... Qe7 16. a4 Rfc8 17. b4 Nb6 18. c5 Nd7 19. b5 e5 20. Rab1 Nf8 21. dxe5 Bxe5 22. Bxe5 Qxe5 {1-0 (85) Lazavik,D (2440)-Ivic,V (2581) Chess.com INT 2021}) 1/2-1/2

[Event "Croatian 1B League 2022"]
[Site "Porec"]
[Date "2022.09.29"]
[Round "6.4"]
[White "Vojak, Daniel"]
[Black "Zelenika, Srdjan"]
[Result "1/2-1/2"]
[ECO "A15"]
[WhiteElo "2300"]
[BlackElo "2207"]
[Annotator "TA"]
[PlyCount "40"]
[EventDate "2022.09.24"]
[EventType "team-tourn"]
[EventCountry "CRO"]
[SourceTitle "playchess.com"]
[Source "ChessBase"]
[SourceQuality "1"]
[TimeControl "40/5400+30:1800+30"]

1. Nf3 Nf6 2. c4 g6 3. b4 Bg7 4. Bb2 O-O 5. g3 c6 6. Bg2 d5 7. cxd5 {[%emt 0:00:31] 7.Na3 is not played anymore. A15: English Opening: 1...Nf6.} Nxd5 8. Bxg7 Kxg7 9. Qb3 Qb6 10. a3 a5 11. Nc3 {[%emt 0:00:10] The position is equal.} axb4 12. Nxd5 cxd5 13. O-O Nc6 14. axb4 {[%emt 0:08:36] [#] An interesting draw.  Weighted Error Value: White=0.03 (flawless) /Black=0.03 (flawless)} {Predecessor:} Rxa1 $146 15. Rxa1 Qxb4 16. Qxd5 Be6 17. Qd3 Bc4 18. Qe4 Ba6 19. Qxb4 Nxb4 20. Rb1 Nc6 {½-½ (54) Harsha,B (2495)-Gupta,A (2608) Ahmedabad 2020} 1/2-1/2

[Event "Croatian 1B League 2022"]
[Site "Porec"]
[Date "2022.09.29"]
[Round "6.5"]
[White "Klobucar, Dean"]
[Black "Sevo, Igor"]
[Result "1/2-1/2"]
[ECO "B53"]
[WhiteElo "2196"]
[BlackElo "2255"]
[Annotator "TA"]
[PlyCount "27"]
[EventDate "2022.09.24"]
[EventType "team-tourn"]
[EventCountry "CRO"]
[SourceTitle "playchess.com"]
[Source "ChessBase"]
[SourceQuality "1"]
[TimeControl "40/5400+30:1800+30"]

1. e4 c5 2. Nf3 d6 3. d4 cxd4 4. Qxd4 Nc6 5. Bb5 a6 6. Bxc6+ {[%emt 0:00:06] B53: Sicilian: 2...d6: Lines with Qxd4.} bxc6 7. c4 e5 8. Qd3 Ne7 9. c5 Ng6 10. cxd6 Qxd6 11. Qxd6 Bxd6 12. Be3 {[%emt 0:00:48] [#] The position is equal.} Nf4 $146 ({Predecessor:} 12... a5 13. O-O f6 14. Rc1 Ra6 15. Nbd2 Be6 16. Ne1 Kf7 17. Nd3 Rd8 18. Kf1 Bb4 {½-½ (60) Rapport,R (2764)-Firouzja,A (2793) Madrid 2022}) 13. Bxf4 exf4 14. O-O {[%emt 0:00:11] An interesting draw.  Weighted Error Value: White=0.03 (flawless) /Black=0.04 (flawless)} 1/2-1/2

[Event "Croatian 1B League 2022"]
[Site "Porec"]
[Date "2022.09.29"]
[Round "6.6"]
[White "Novosel, Lovro"]
[Black "Cubric, Andrija"]
[Result "1-0"]
[ECO "E05"]
[WhiteElo "2274"]
[BlackElo "1830"]
[Annotator "TA"]
[PlyCount "77"]
[EventDate "2022.09.24"]
[EventType "team-tourn"]
[EventCountry "CRO"]
[SourceTitle "playchess.com"]
[Source "ChessBase"]
[SourceQuality "1"]
[TimeControl "40/5400+30:1800+30"]

1. Nf3 d5 2. g3 Nf6 3. Bg2 e6 4. O-O Be7 5. d4 O-O 6. c4 dxc4 7. Qc2 a6 8. Qxc4 b5 9. Qc2 Bb7 10. Bd2 Be4 11. Qc1 Bb7 12. Rd1 {[%emt 0:03:05] E05: Open Catalan: 5 Nf3 Be7.} Nbd7 13. Ba5 Nb6 14. Nbd2 {[%emt 0:11:15] White is slightly better.} Rc8 {[%emt 0:07:47] [#]} 15. b3 $146 ({Predecessor:} 15. b4 Bd6 16. Qc2 Qe7 17. a3 Nfd7 18. Rac1 f5 19. e3 Rce8 20. Ne1 Bxg2 21. Kxg2 {1-0 (56) Lopez Mulet,I (2397)-Cruz Lledo,P (2445) Linares 2019}) 15... Bd5 16. Qb2 Ne4 17. Nf1 ({White should play} 17. Rac1 $16) 17... b4 $11 18. Ne3 Nc3 19. Rd2 Be4 (19... Qe8 $11) 20. Nc4 {[%emt 0:07:08] [#]} (20. a3 $14) 20... f6 (20... Nca4 $1 $15 21. Qc1 Qd5) 21. Rc1 (21. a3 $1 $14) 21... Ncd5 (21... Rb8 $11) 22. e3 Qe8 {[%emt 0:01:50] [#]} 23. a4 {[%emt 0:04:51] Against Qb5} ({Better is} 23. Bh3 $1 $14 Qf7 (23... Bxf3 24. Bxe6+) 24. Ne1) 23... Qh5 (23... bxa3 $1 $15 24. Nxa3 Qh5) 24. Ne1 Bxg2 25. Nxg2 Nxc4 (25... g5 $11 {keeps the balance.}) 26. bxc4 (26. Rxc4 $16 {Qc2 is the strong threat.} Nc3 27. Bxb4 Bxb4 28. Rxb4) 26... Nxe3 $1 27. Nxe3 Qxa5 28. Qb3 (28. c5 $1 $11 Qxa4 29. Ra1) 28... c6 $2 (28... c5 $17 29. d5 Qb6) 29. c5 $18 Kh8 30. Qxe6 Rfe8 31. Qb3 Rb8 32. h4 Bf8 33. h5 {[%emt 0:00:59] White is more active.} Qc7 34. d5 {[%emt 0:00:58] aiming for d6.} cxd5 {[%emt 0:00:26] [#]} (34... Qf7 $16) 35. Nxd5 (35. c6 $1 $18) 35... Qe5 (35... Qc6 $1 $14) 36. Nf4 {[%emt 0:01:45] Threatens to win with Rd7.} Qc7 {[%emt 0:01:42][%mdl 8192] Prevents Rd7.} ({Weaker is} 36... Bxc5 37. Rd5 Bxf2+ 38. Kxf2 $16) (36... Rec8 $16) 37. c6 Bd6 38. Ne6 Qf7 (38... Qe7 39. c7 Rbc8) 39. Rxd6 {[%emt 0:00:07] Weighted Error Value: White=0.44/Black=0.51} 1-0

[Event "Croatian 1B League 2022"]
[Site "Porec"]
[Date "2022.09.29"]
[Round "6.7"]
[White "Neugebauer, Martin"]
[Black "Teclaf, Pawel"]
[Result "1/2-1/2"]
[ECO "C65"]
[WhiteElo "2517"]
[BlackElo "2547"]
[Annotator "TA"]
[PlyCount "91"]
[EventDate "2022.09.24"]
[EventType "team-tourn"]
[EventCountry "CRO"]
[SourceTitle "playchess.com"]
[Source "ChessBase"]
[SourceQuality "1"]
[TimeControl "40/5400+30:1800+30"]

1. e4 e5 2. Nf3 Nc6 3. Bb5 Nf6 4. d3 Bc5 5. c3 O-O 6. O-O {[%emt 0:01:22] C65: Ruy Lopez: Berlin Defence (3...Nf6), unusual lines and 4 0-0 Bc5.} Re8 7. Bg5 h6 {[%emt 0:00:24] 7...a6 is the fancy move.} 8. Bh4 Be7 9. Nbd2 d6 10. Re1 (10. Nc4 $11) 10... Bd7 ({Black should play} 10... g5 $1 $15 11. Bg3 g4) 11. d4 {[%emt 0:04:00] [#]} (11. Nf1 {with more complications.} Nh7 12. Bxe7 Nxe7 13. Bxd7 Qxd7 14. d4) 11... Nxd4 $146 ({Predecessor:} 11... Nh7 12. Bxe7 Rxe7 13. a3 Qe8 14. b4 Nxd4 15. Nxd4 Bxb5 16. Nxb5 Qxb5 17. c4 Qd7 18. Qc2 c6 {0-1 (58) Gutierrez Ordonez,J-Quintero Rangel,E (1827) Bogota 2013}) 12. Nxd4 exd4 13. Bxd7 Nxd7 14. Bxe7 Rxe7 15. cxd4 d5 16. e5 c5 17. f4 Qb6 18. Nf3 cxd4 (18... Qxb2 {looks sharper.} 19. Rb1 Qxa2 20. Rxb7 Rae8) 19. Qxd4 f6 20. Qxb6 {[%emt 0:15:32] White is more active.} axb6 21. exf6 (21. e6 {seems wilder.} Nc5 22. f5 g6 23. fxg6 Rxe6 24. Rxe6 Nxe6 25. Re1) 21... Rxe1+ 22. Rxe1 {[%emt 0:00:49] [#] Black must now prevent fxg7.} Nxf6 $16 {[%emt 0:00:34][%mdl 4096] Endgame KRN-KRN} 23. Re6 (23. a3 $5 ) 23... Rxa2 {[%emt 0:09:51] The position is equal.} 24. Rxb6 Ng4 {[%emt 0:07:04] ( -> ...Ra1+)} 25. g3 Ra1+ 26. Kg2 Ne3+ 27. Kh3 Rf1 28. Ne5 Nc4 29. Nxc4 dxc4 30. Rxb7 $11 {[%emt 0:00:10] KR-KR} Rf2 31. Rb4 Kf7 32. f5 h5 33. Rxc4 {[%emt 0:03:07] Hoping for Rh4.} Rxb2 34. Kh4 Rxh2+ 35. Kg5 Rg2 36. Rc7+ Kf8 37. Rc3 Kf7 38. Kxh5 g6+ 39. fxg6+ Kg7 40. Kg5 Rg1 41. g4 Ra1 42. Rc7+ Kg8 43. g7 Ra5+ 44. Kh6 Ra6+ $1 45. Kh5 Rh6+ 46. Kxh6 {[%emt 0:00:26] Weighted Error Value: White=0.06 (flawless) /Black=0.05 (flawless)} 1/2-1/2

[Event "Croatian 1B League 2022"]
[Site "Porec"]
[Date "2022.09.29"]
[Round "6.8"]
[White "Sprenger, Jan Michael"]
[Black "Makaj, Marko"]
[Result "0-1"]
[ECO "B01"]
[WhiteElo "2475"]
[BlackElo "2387"]
[Annotator "TA"]
[PlyCount "152"]
[EventDate "2022.09.24"]
[EventType "team-tourn"]
[EventCountry "CRO"]
[SourceTitle "playchess.com"]
[Source "ChessBase"]
[SourceQuality "1"]
[TimeControl "40/5400+30:1800+30"]

1. e4 d5 2. exd5 Qxd5 3. Nc3 Qd6 4. d4 Nf6 5. Nf3 c6 6. Ne5 Nbd7 {[%emt 0:00:15] B01: Scandinavian Defence.} 7. Nc4 Qc7 8. g3 Nb6 {[%emt 0:00:30] The position is equal.} 9. Bf4 Qd8 10. Qd2 Be6 {[%emt 0:06:29] [#]} 11. Nxb6 $146 ({Predecessor:} 11. Ne5 g6 12. Bg2 Bg7 13. O-O O-O 14. Rfe1 Nfd5 15. Bh6 Nxc3 16. Bxg7 Kxg7 17. Qxc3 Nd5 {½-½ (17) Liwak,P (2340)-Malaniuk,V (2539) Barlinek 2006}) 11... axb6 12. Bg2 g6 13. Be5 Bg7 14. O-O O-O 15. h3 Qd7 16. h4 Rfd8 17. Rfe1 {[%emt 0:00:31] Inhibits Ne4.} Ra5 18. a3 Rxe5 19. Rxe5 Ng4 20. Re2 Bc4 {[%emt 0:00:23] This bishop pair is nice.} 21. Rd1 (21. Re4 $11) 21... Bxe2 $15 22. Nxe2 Qf5 23. Rf1 e5 24. c3 exd4 (24... h5 $15) 25. cxd4 (25. Nxd4 $11 c5 26. Nxf5 Rxd2 27. Nxg7 Kxg7 28. b4) 25... h5 26. Qd1 {[%emt 0:03:54] [#]} (26. d5 $15) 26... Bxd4 $1 $17 {[%emt 0:03:23][%mdl 512] Black has more active pieces.} 27. Nxd4 Qf6 28. Qe2 Qxd4 29. Qe7 Qd7 (29... Rd6 $19 30. Qe2 Kg7) 30. Qb4 b5 31. Re1 (31. Bh3 $17 {keeps fighting.}) 31... Kg7 32. Bf3 Qd2 33. Qxd2 Rxd2 {[%emt 0:00:01][%cal Bd8d2,Bd2b2,Bb2e2,Be2e3,Be3a3,Ba3c3,Bc3c4,Bc4e4][%mdl 4128] Endgame KRB-KRN} 34. Re7 (34. Bxg4 $17 {was worth a try.} hxg4 35. Rb1) 34... Rxb2 $19 ({Worse is} 34... Nxf2 35. Rxb7 Rc2 36. Rb6 $17) 35. Rxb7 Ne5 ({Inferior is} 35... Nxf2 36. Bxc6 Ng4 37. Rxb5 $11) 36. Be4 Re2 37. f3 Re3 38. Kg2 Rxa3 39. Rb6 (39. f4 $142 Re3 40. Bd5) 39... Rc3 40. f4 Rc4 41. fxe5 {[%emt 0:02:15] [#] Black must now prevent Kf3.} Rxe4 42. Rxc6 Rxe5 {[%emt 0:00:04] Hoping for ...Re6. KR-KR} 43. Kf3 (43. Rb6 $142) 43... Re6 44. Rc3 b4 45. Rb3 Rb6 46. Ke4 Kf6 47. Rf3+ Ke6 {[%emt 0:00:06] And now ...b3 would win.} 48. Rb3 f6 49. Kd4 Kf5 50. Ke3 Ke5 51. Kd3 Kd5 52. Kc2 Ke4 53. Kd2 f5 {[%emt 0:05:15] Threatens to win with ...f4.} 54. Ke2 f4 55. Kd2 fxg3 56. Rxg3 b3 57. Kc1 b2+ 58. Kb1 Kf5 59. Rg5+ Kf6 60. Rg2 Rb4 61. Rf2+ Ke5 62. Re2+ Kf4 63. Rg2 Rb6 64. Rg5 Ke3 65. Rg1 Kf3 66. Rg5 Kf2 67. Rc5 Rb4 68. Rc6 Rg4 {[%emt 0:00:14] ( -> ...Kg3)} 69. Kxb2 Kg3 {[%emt 0:00:02] Black mates.} 70. Kc2 Kxh4 71. Kd2 Kg3 72. Ke1 Kg2 73. Rc2+ Kg1 74. Rc3 h4 75. Ke2 Rg2+ 76. Ke1 Rg3 {[%emt 0:00:05] Weighted Error Value: White=0.34/Black=0.12 (very precise)} 0-1

[Event "Croatian 1B League 2022"]
[Site "Porec"]
[Date "2022.09.29"]
[Round "6.9"]
[White "Majeric, Zoran"]
[Black "Muha, Miljenko"]
[Result "1/2-1/2"]
[ECO "D02"]
[WhiteElo "2247"]
[BlackElo "2298"]
[Annotator "TA"]
[PlyCount "73"]
[EventDate "2022.09.24"]
[EventType "team-tourn"]
[EventCountry "CRO"]
[SourceTitle "playchess.com"]
[Source "ChessBase"]
[SourceQuality "1"]
[TimeControl "40/5400+30:1800+30"]

1. Nf3 d5 2. g3 Nd7 3. d4 Nb6 4. Bg2 Nf6 5. O-O e6 6. Nbd2 {[%emt 0:08:48] D02: 1 d4 d5 2 Nf3 sidelines, including 2...Nf6 3 g3 and 2...Nf6 3 Bf4.} c5 {[%emt 0:04:40] [#]} 7. e3 $146 ({Predecessor:} 7. c4 cxd4 8. cxd5 Nfxd5 9. Nb3 Be7 10. Nbxd4 O-O 11. e4 Nb4 12. e5 Bd7 13. Qe2 {1-0 (120) Petrukhina,O (2166)-Nasyrova,E (2153) Cheliabinsk 2019}) 7... Bd7 8. Ne5 {[%emt 0:07:47] White is slightly better.} Be7 9. dxc5 Bxc5 10. c4 {[%emt 0:11:01] Inhibits Bb5. White is more active.} O-O 11. Nxd7 Qxd7 12. cxd5 Nbxd5 13. Nb3 Bb6 14. Bd2 Qa4 {[%emt 0:04:06] [#]} 15. Nd4 (15. Na5 $1 $14 Qb5 16. a4) 15... Qxd1 $11 16. Rfxd1 Bxd4 17. exd4 Rfc8 18. Rac1 h6 19. Kf1 Kf8 20. Ke2 Ke7 21. h3 Kd7 22. f4 Rxc1 23. Rxc1 Rd8 24. g4 Ke7 25. Bf3 Ne8 26. g5 hxg5 {[%emt 0:01:51] The position is equal.} 27. fxg5 g6 28. Kd3 Ng7 29. Bxd5 exd5 {[%emt 0:04:29][%mdl 4096] Endgame KRB-KRN} 30. h4 Rd7 31. Bf4 Nf5 32. Rh1 a6 33. Be5 Ke6 34. h5 gxh5 35. Rxh5 Rd8 36. Rh1 Rg8 37. Bf4 {[%emt 0:05:06] Weighted Error Value: White=0.09 (flawless) /Black=0.05 (flawless)} 1/2-1/2

[Event "Croatian 1B League 2022"]
[Site "Porec"]
[Date "2022.09.29"]
[Round "6.10"]
[White "Ivic, Mateo"]
[Black "Vlahov, Davor"]
[Result "1-0"]
[ECO "C02"]
[WhiteElo "2203"]
[BlackElo "2196"]
[Annotator "TA"]
[PlyCount "78"]
[EventDate "2022.09.24"]
[EventType "team-tourn"]
[EventCountry "CRO"]
[SourceTitle "playchess.com"]
[Source "ChessBase"]
[SourceQuality "1"]
[TimeControl "40/5400+30:1800+30"]

1. e4 e6 2. d4 d5 3. e5 c5 4. c3 Nc6 5. Nf3 Qb6 6. a3 c4 7. g3 Na5 8. Nbd2 Ne7 9. Bg2 Bd7 10. O-O Nec6 {[%emt 0:03:15] C02: French: Advance Variation.} 11. Ne1 Be7 12. Nc2 Nb3 {[%emt 0:09:49] The position is equal.} 13. Nxb3 Qxb3 14. Qe2 {[%emt 0:01:35] [#]} Qb6 $146 ({Predecessor:} 14... O-O 15. Ne3 {½-½ (15) Sax,G (2436)-Farago,I (2477) Hungary 2013}) 15. Ne3 Na5 16. f4 g6 {[%emt 0:00:37] Against f5} 17. g4 O-O-O 18. Rb1 Bc6 19. Bd2 h5 20. h3 hxg4 21. hxg4 Nb3 22. Be1 Bh4 (22... Qc7 $11 {is more appropriate.}) 23. Bxh4 Rxh4 24. Kf2 a5 (24... Rdh8 $1 $15) 25. Rh1 (25. Kg3 $14 Rdh8 26. g5) 25... Rdh8 ({Black should try} 25... Rxh1 $1 $11 26. Rxh1 {[#]} Nxd4 $1 27. cxd4 Qxd4) 26. Rxh4 $14 Rxh4 27. Kg3 $1 Rh8 28. Rf1 Qd8 29. g5 Kc7 30. Ng4 (30. Qe1 $14) 30... b5 $11 31. Nh6 Be8 32. Rh1 b4 33. axb4 axb4 34. Bf3 Qb8 35. Qe3 Rf8 36. Ng4 {[%emt 0:01:10][%cal Of3d5] Hoping for Bxd5!} Qa7 (36... Qa8 $14) 37. Nf6 Qa2 $2 {[%emt 0:00:37][%mdl 8192] [#]} (37... Kc8 $16 {is a better chance.}) 38. Bxd5 $1 $18 Qxb2 (38... Qa6 39. Be4) 39. Bxc4 (39. Bf3 $142 {Threatening mate with d5.} Kb6 40. Qe4) 39... bxc3 $2 {Weighted Error Value: White=0.26 (precise) /Black=0.46} (39... Qd2 40. Qf3 Na5) 1-0